 Dungeon Crawl Stone Soup version 0.31-a0-1074-g0b22e4e0f1 (webtiles) character file.

Game seed: 11554841445325255562

203 grandjackal the Slasher (level 5, -1/42 HPs)
             Began as a Demonspawn Gladiator on Dec 1, 2023.
             Slain by Grinder (4 damage)
             ... on level 3 of the Dungeon.
             The game lasted 00:04:19 (3334 turns).

grandjackal the Slasher (Demonspawn Gladiator)      Turns: 3334, Time: 00:04:20

Health: -1/42      AC:  7    Str: 12    XL:     5   Next: 51%
Magic:  5/5        EV: 14    Int: 10    God:
Gold:   127        SH:  0    Dex: 16    Spells: 4/4 levels left

rFire   + . .        a - +0 long sword
rCold   + . .        (no shield)
rNeg    . . .        c - +0 scale mail
rPois   +            (helmet restricted)
rElec   +            f - +0 cloak
rCorr   +            (no gloves)
SInv    .            (no boots)
Will    +....        (no amulet) Stlth
                     (no ring)
HPRegen 0.27/turn    (no ring)
MPRegen 0.09/turn

%: no passive effects
@: agile, resistant
A: horns 2, powered by pain 1, strong-willed 1, weak 1
a: no special abilities


You were on level 3 of the Dungeon.
You visited 1 branch of the dungeon, and saw 4 of its levels.

You collected 212 gold pieces.
You spent 85 gold pieces at shops.

Inventory:

Hand Weapons
 a - a +0 long sword (weapon)
 g - a +1 dagger of draining
 p - a +0 short sword of draining
Missiles
 d - 3 throwing nets (quivered)
 e - a javelin
Armour
 c - a +0 scale mail (worn)
 f - a +0 cloak (worn)
Jewellery
 o - a ring of poison resistance
Scrolls
 b - a scroll of immolation {unknown}
 h - 2 scrolls of enchant armour {unknown}
 i - 3 scrolls of blinking
 k - a scroll of identify {unknown}
 m - a scroll of enchant weapon {unknown}
Potions
 j - a potion of mutation
 n - a potion of invisibility {unknown}
 q - a potion of resistance


   Skills:
 + Level 4.1 Fighting
 + Level 4.2 Long Blades
 - Level 2.1 Throwing
 - Level 3.0 Dodging


You had 4 spell levels left.
You didn't know any spells.
Your spell library contained the following spells:

 Spells                   Type           Power      Damage    Failure   Level
 Necrotise                Necr           0%         1d4       91%         1
 Sandblast                Erth           0%         2d4       91%         1
 Passwall                 Tmut/Erth      0%         N/A       97%         2
 Wereblood                Tmut           0%         N/A       97%         2
 Stone Arrow              Conj/Erth      0%         3d7       99%         3
 Vampiric Draining        Necr           0%         2d6       99%         3
 Brom's Barrelling Bould  Conj/Erth      0%         2d3       100%        4
 Agony                    Necr           0%         N/A       100%        5
 Irradiate                Conj/Tmut      0%         3d11      100%        5


Dungeon Overview and Level Annotations

Branches:
Dungeon (4/15)
 Temple: D:4-7

Altars:
Gozag
Hepliaklqana
Ru
Yredelemnul

Shops:
D:2 ((*[   D:3 *

Annotations:
D:3 1 runed translucent door, Grinder; Pokonic1's ghost, weakling DsVM
D:4 1 runed translucent door, Crazy Yiuf


Innate Abilities, Weirdness & Mutations

You have a pair of horns on your head.
You sometimes gain a little power by taking damage.
You are strong-willed. (Will+)
You are weak. (Str -2)


Message History

You hit Grinder. You headbutt Grinder.
Grinder is moderately wounded.
Grinder hits you!
You slash Grinder! You headbutt Grinder, but do no damage.
Grinder is heavily wounded.
Grinder gestures at you. You resist with some effort.
You hit Grinder.
Grinder is severely wounded.
Grinder hits you but does no damage. x2
You hit Grinder.
Grinder is severely wounded.
Grinder barely misses you.
You hit Grinder. You punch Grinder.
Grinder is almost dead.
Grinder blinks!
You aren't carrying any items that you can evoke.
You start resting.
Grinder is nearby!
Grinder gestures at you. Pain shoots through your body!
* * * LOW HITPOINT WARNING * * *
You hit Grinder but do no damage.
Grinder is almost dead.
Grinder blinks!
Grinder blinks!
Grinder blinks!
You closely miss Grinder.
Grinder is almost dead.
Grinder hits you!
* * * LOW HITPOINT WARNING * * *
You focus on the pain.
You feel agile all of a sudden.
You writhe in agony.
* * * LOW HITPOINT WARNING * * *
You barely miss Grinder.
Grinder is almost dead.
Grinder hits you but does no damage. Grinder hits you.
You die...
Grinder says, "Now the real fun starts!"

####.###...........[######.....##
###...<..#######.##.............#
≈#.......# #.##.######.....##
≈........#### #.##.#######...###
≈#......<...####>)........##.....
≈##...............[..####.#######
≈##.........##.......####.####
≈###.#...##.....5....#.......# ≈#
#.#...##.....@....#.##.##.# .#
#.#...............#.##.##.# .#
#.................#.##....#
.#####..........§....#.#####.#
..........#...####..##.#####.#
.######.#.#...# #..##.......# .#
#♣.....## #...#######.# .#
#♣..♣..♣## #.#.# #.# .#
♣......♣.## #.#.# #.##


You could see Grinder.

Vanquished Creatures
  Terence (D:2)
  An orc wizard (D:3)
  A hound zombie (D:3)
  Robin (D:3)
  2 adders
  A white imp (D:3)
  A worm (D:3)
  2 dart slugs (D:2)
  6 orcs (D:3)
  7 endoplasms
  4 giant cockroaches
  12 goblins
  7 hobgoblins
  8 kobolds
  6 ball pythons
  5 bats
  6 frilled lizards
  2 giant cockroach zombies (D:3)
  A goblin skeleton (D:3)
  2 goblin zombies (D:3)
  3 hobgoblin zombies (D:3)
  2 kobold skeletons (D:3)
  4 kobold zombies (D:3)
  An orc skeleton (D:3)
  4 rats
90 creatures vanquished.

Notes
Turn   | Place    | Note
-------+----------+-------------------------------------------
     0 | D:1      | grandjackal the Demonspawn Gladiator began the quest for
                  | the Orb.
     0 | D:1      | Reached XP level 1. HP: 16/16 MP: 1/1
   176 | D:1      | Gained mutation: You have a pair of small horns on your
                  | head. [demonic ancestry]
   176 | D:1      | Reached XP level 2. HP: 20/22 MP: 2/2
  1073 | D:2      | Reached XP level 3. HP: 25/28 MP: 3/3
  1110 | D:2      | Found Founolej's Antique Weapon Boutique.
  1169 | D:2      | Found Ges Vexunoysk's General Store.
  1198 | D:2      | Noticed Terence
  1212 | D:2      | Killed Terence
  1500 | D:2      | Found Uqaija's Weapon Shop.
  1517 | D:2      | Gained mutation: You sometimes gain a little power by
                  | taking damage. [demonic ancestry]
  1517 | D:2      | Reached XP level 4. HP: 30/35 MP: 4/4
  1717 | D:2      | Found Yfuteice's Antique Armour Boutique.
  1826 | D:2      | Bought a scroll of blinking for 75 gold pieces
  1826 | D:2      | Bought a potion of degeneration for 10 gold pieces
  2040 | D:3      | Found Gozag's Platinum Reserve.
  2134 | D:3      | Noticed Robin
  2160 | D:3      | Killed Robin
  2280 | D:3      | Gained mutation: You have a pair of horns on your head.
                  | [demonic ancestry]
  2280 | D:3      | Reached XP level 5. HP: 24/42 MP: 5/5
  2355 | D:3      | Found a faded altar of an unknown god.
  2548 | D:3      | Found a basalt altar of Yredelemnul.
  2549 | D:3      | Found a runed translucent door.
  2552 | D:3      | Noticed Pokonic1's ghost (weakling DsVM)
  2701 | D:3      | Found an opulent altar of Gozag.
  2772 | D:3      | Found a sacrificial altar of Ru.
  2775 | D:3      | Found a hazy altar of Hepliaklqana.
  3072 | D:4      | Found a runed translucent door.
  3073 | D:4      | Noticed Crazy Yiuf
  3099 | D:4      | Noticed Grinder
  3308 | D:3      | Gained mutation: You are weak. (Str -2) [potion of
                  | mutation]
  3308 | D:3      | Gained mutation: You are strong-willed. (Will+) [potion of
                  | mutation]
  3334 | D:3      | Slain by Grinder

Illustrated notes

Levels and vault maps discovered:
D:1:      mrwooster_arrival_statue, layout_basic
D:2:      layout_basic, serial_shops, nicolae_shop_window_shopping, shop,
          nicolae_diamond_shop, shop, palyth_stone_intersect, minivault_11,
          uniq_terence
D:3:      layout_loops_ring, nicolae_yredelemnul_corpse_copse,
          nicolae_tso_besieged_by_evil, nicolae_gozag_zags_fifth_avenue,
          minitemple, hellmonk_ecumenical_altar_inner_sanctum,
          hellmonk_ghost_happy_afterlife, uniq_robin
D:4:      layout_basic, xom_teletrap_fun, minmay_temple_entry_tees,
          dk_noncrumbling_3, uniq_crazy_yiuf_cottage, uniq_grinder, uniq_sigmund

Skill      XL: |  1  2  3  4  5 |
---------------+----------------+-----
Throwing       | 2 |  2.1
Long Blades    | 3 4 |  4.2
Dodging        | 3 |  3.0
Fighting       | 3 4 |  4.1

Action                     |  1- 3 |  4- 6 || total
---------------------------+-------+-------++-------
  Melee: Long sword        |    92 |   169 ||   261
         Punch             |     2 |     2 ||     4
         Headbutt          |     8 |    28 ||    36
    Use: Potion            |     2 |     3 ||     5
   Stab: Sleeping          |     2 |       ||     2
 Armour: Leather armour    |    58 |       ||    58
         Scale mail        |     6 |   161 ||   167
  Dodge: Dodged            |    48 |    99 ||   147

Table legend: (Time is in decaauts)
 A = Elapsed time spent in this place.
 B = Non-inter-level travel time spent in this place.
 C = Inter-level travel time spent in this place.
 D = Time resting spent in this place.
 E = Time spent auto-exploring this place.
 F = Levels seen in this place.
 G = Mean time per level.
                   A        B        C        D        E       F      G
               +--------+--------+--------+--------+--------+-----+--------+
         Total |   3394 |   3308 |     86 |    456 |   2203 |   4 |  848.5 |
       Dungeon |   3394 |   3308 |     86 |    456 |   2203 |   4 |  848.5 |
               +--------+--------+--------+--------+--------+-----+--------+

Top non-repeatable levels by time:
     D:3: 1302 daAuts
     D:2: 1056 daAuts
     D:1: 960 daAuts
     D:4: 75 daAuts
